 Dungeon Crawl Stone Soup version 0.30-a0-451-ge042605de7 (webtiles) character file.

Game seed: 5208098277117943306

169 freelancePsychic the Conjurer (level 5, 0/33 HPs)
             Began as a Gargoyle Reaver on Dec 12, 2022.
             Was an Initiate of Vehumet.
             Killed from afar by an orc wizard (7 damage)
             ... with a magic dart
             ... on level 5 of the Dungeon.
             The game lasted 00:06:27 (3170 turns).

freelancePsychic the Conjurer (Gargoyle Reaver)     Turns: 3170, Time: 00:06:27

Health: 0/33       AC: 11    Str: 15    XL:     5   Next: 50%
Magic:  5/8        EV: 11    Int: 16    God:    Vehumet [......]
Gold:   172        SH:  3    Dex:  8    Spells: 5/8 levels left

rFire   . . .      SeeInvis .    a - +1 dagger (venom)
rCold   . . .      Faith    .    i - +0 buckler
rNeg    + . .      Spirit   .    b - +0 leather armour
rPois   ∞          Reflect  .    (no helmet)
rElec   +          Harm     .    (no cloak)
rCorr   .          Rampage  .    (no gloves)
Will    +....                    (no boots)
Stlth   +.........               (no amulet)
HPRegen 0.25/turn                g - ring of willpower
MPRegen 0.11/turn                v - +4 ring of protection

@: no status effects
A: sickness immunity, AC +4, negative energy resistance 1, electricity
resistance, torment resistance 1, petrification resistance
a: Renounce Religion


You were on level 5 of the Dungeon.
You worshipped Vehumet.
Vehumet was noncommittal.
You visited 1 branch of the dungeon, and saw 5 of its levels.

You collected 172 gold pieces.

Inventory:

Hand Weapons
 a - a +1 dagger of venom (weapon)
Missiles
 h - a throwing net
Armour
 b - a +0 leather armour (worn)
 i - a +0 buckler (worn)
 r - the +7 kite shield of Sif Muna's Inspiration {rN+}
   (You found it on level 4 of the Dungeon)

   rN:        It protects you from negative energy.
Jewellery
 g - a ring of willpower (left hand)
 v - a +4 ring of protection (right hand)
 w - a +4 ring of evasion
Scrolls
 e - a scroll of poison
 l - a scroll of teleportation {@r4}
 p - a scroll of immolation {unknown}
 q - a scroll of summoning {unknown}
 s - 2 scrolls of magic mapping {unknown}
 t - a scroll of silence {unknown}
Potions
 c - 4 potions of flight
 d - a potion of ambrosia
 f - a potion of brilliance
 j - a potion of attraction {unknown}
 m - 2 potions of heal wounds {unknown}
 n - a potion of degeneration {unknown}
 o - a potion of haste {unknown}
 u - a potion of cancellation {unknown}


   Skills:
 + Level 3.8 Fighting
 - Level 3.0 Maces & Flails
 - Level 1.5 Dodging
 + Level 1.1 Shields
 - Level 2.1 Spellcasting
 + Level 4.6 Conjurations
 - Level 2.0 Translocations


You had 5 spell levels left.
You knew the following spells:

 Your Spells              Type           Power      Damage    Failure   Level
a - Kiss of Death         Conj/Necr      36%        2d8       13%         1
b - Momentum Strike       Conj/Tloc      24%        3d8       13%         2

Your spell library contained the following spells:

 Spells                   Type           Power      Damage    Failure   Level
 Freeze                   Ice            4%         1d3       34%         1
 Hailstorm                Conj/Ice       9%         3d4       36%         3
 Frozen Ramparts          Ice            2%         1d1       71%         3


Dungeon Overview and Level Annotations

Branches:
Dungeon (5/15)
 Temple: D:4-7

Altars:
Vehumet

Shops:
D:2 *   D:3 =

Annotations:
D:3 Sigmund


Innate Abilities, Weirdness & Mutations

You are immune to sickness and miasma.
Your stone body is resilient. (AC +4)
You are immune to poison.
You resist negative energy. (rN+)
You are resistant to electric shocks. (rElec)
You are resistant to unholy torment.
You are immune to petrification.


Message History

You cannot move.
You cannot move.
You cannot move.
Unknown command.
You barely miss something.
You hear some strange, mumbled words.
A puff of flame appears from out of thin air!
The puff of flame hits you but does no damage.
The orc misses you.
You barely miss something. Something hits you but does no damage.
The orc hits you but does no damage.
You miss something. Something hits you but does no damage.
The orc hits you but does no damage.
You barely miss the orc.
You are no longer robbed of momentum.
You hear some strange, mumbled words.
A magic dart appears from out of thin air!
The magic dart hits you but does no damage.
The orc hits you but does no damage.
You hit the orc but do no damage. Something hits you.
The orc hits you but does no damage. Something hits you but does no damage.
The orc closely misses you.
You closely miss the orc.
You hear some strange, mumbled words.
A puff of flame appears from out of thin air!
The puff of flame hits you! The orc hits you but does no damage.
You hit the orc but do no damage.
The orc is poisoned.
Something hits you but does no damage. The orc hits you with a +0 mace.
You barely miss something. Something hits you.
* * * LOW HITPOINT WARNING * * *
The orc hits you with a +0 mace.
* * * LOW HITPOINT WARNING * * *
Okay, then.
As you read the scroll of fear, it crumbles to dust.
You assume a fearsome visage.
The orc looks frightened!
Vehumet accepts your kill.
You feel a bit more experienced.
A magic dart appears from out of thin air!
The magic dart hits you!
You die...

#...... #.o... #.... ...
.#######)##################
.............{............#
..........................#
..........................#
...........@..............#
..........................#
(.........................#
..........................#
########+##########........
#........ #........
#........
+#####+#####........


There were no monsters in sight!

Vanquished Creatures
  An ogre (D:4)
  A scorpion (D:4)
  A necrophage (D:4)
  An orc priest (D:5)
  2 gnolls (D:3)
  An adder (D:2)
  A dart slug (D:1)
  2 orcs (D:5)
  A bat (D:1)
  5 endoplasms
  3 hobgoblins (D:1)
  4 ball pythons
  2 frilled lizards (D:1)
  3 rats (D:1)
28 creatures vanquished.

Vanquished Creatures (others)
  An ogre (D:5)
  A gnoll (D:3)
  2 adders
  A ball python (D:4)
  2 bats (D:1)
  An endoplasm (D:1)
  A giant cockroach (D:2)
  7 goblins
  6 hobgoblins
  2 quokkas (D:4)
  2 kobolds
  2 rats (D:2)
28 creatures vanquished.

Grand Total: 56 creatures vanquished

Notes
Turn   | Place    | Note
-------+----------+-------------------------------------------
     0 | D:1      | freelancePsychic the Gargoyle Reaver began the quest for
                  | the Orb.
     0 | D:1      | Reached XP level 1. HP: 12/12 MP: 3/3
   135 | D:1      | Reached XP level 2. HP: 14/18 MP: 5/5
   138 | D:1      | Learned a level 2 spell: Momentum Strike
   968 | D:2      | Reached skill level 1 in Translocations
   968 | D:2      | Reached XP level 3. HP: 16/22 MP: 1/6
  1274 | D:2      | Found a radiant altar of Vehumet.
  1290 | D:2      | Became a worshipper of Vehumet
  1308 | D:2      | Found Bigell's General Store.
  1637 | D:3      | Found a faded altar of an unknown god.
  1727 | D:3      | Found Emeyrouz's Jewellery Emporium.
  1818 | D:3      | Noticed Sigmund
  1941 | D:3      | Identified the +2 ring mail of True Grit {Regen+ Dex+4
                  | Slay-3}
  2383 | D:4      | Identified the +7 kite shield of Sif Muna's Inspiration
                  | {rN+}
  2654 | D:4      | Noticed an ogre
  2681 | D:4      | Killed an ogre
  2682 | D:4      | Reached skill level 4 in Conjurations
  2682 | D:4      | Reached XP level 4. HP: 28/28 MP: 3/7
  2820 | D:4      | Noticed a scorpion
  2827 | D:4      | Killed a scorpion
  2828 | D:4      | Reached XP level 5. HP: 32/32 MP: 3/8
  3038 | D:5      | Entered Level 5 of the Dungeon
  3038 | D:5      | Noticed an ogre
  3046 | D:5      | Killed an ogre
  3149 | D:5      | Reached skill level 1 in Shields
  3170 | D:5      | Killed from afar by an orc wizard

Illustrated notes

Levels and vault maps discovered:
D:1:      dpeg_arrival_orchard, layout_rooms
D:2:      layout_basic, serial_shops, nicolae_shop_waterfront, basic_altar
D:3:      layout_basic, serial_shops, nicolae_shop_window_shopping,
          ebering_ecumenical_altar_rust, uniq_sigmund, uniq_jessica
D:4:      minmay_spotlight, layout_loops_ring
D:5:      layout_gridville, mainiacjoe_overflow_alcove_2, uniq_pikel

Skill      XL: |  1  2  3  4  5 |
---------------+----------------+-----
Translocations | 1 2 |  2.0
Fighting       | 3 |  3.8
Conjurations   | 4 |  4.6
Shields        | 1 |  1.1
Maces & Flails | |  3.0
Dodging        | |  1.5
Spellcasting   | |  2.1

Action                   |  1- 3 |  4- 6 || total
-------------------------+-------+-------++-------
Melee: Mace              |    57 |       ||    57
       Dagger            |    10 |    57 ||    67
 Cast: Momentum Strike   |    35 |     9 ||    44
  Use: Scroll            |     8 |     2 ||    10
Armor: Leather armour    |    16 |    39 ||    55
Dodge: Dodged            |    39 |    18 ||    57
Block: Buckler           |       |     1 ||     1

Table legend: (Time is in decaauts)
 A = Elapsed time spent in this place.
 B = Non-inter-level travel time spent in this place.
 C = Inter-level travel time spent in this place.
 D = Time resting spent in this place.
 E = Time spent auto-exploring this place.
 F = Levels seen in this place.
 G = Mean time per level.
                   A        B        C        D        E       F      G
               +--------+--------+--------+--------+--------+-----+--------+
         Total |   3184 |   3073 |    111 |     69 |   2447 |   5 |  636.8 |
       Dungeon |   3184 |   3073 |    111 |     69 |   2447 |   5 |  636.8 |
               +--------+--------+--------+--------+--------+-----+--------+

Top non-repeatable levels by time:
     D:2: 962 daAuts
     D:4: 936 daAuts
     D:1: 765 daAuts
     D:3: 386 daAuts
     D:5: 132 daAuts
